TOP OF THE 1ST |
South Carolina Gamecocks batting - Pitching for Auburn Tigers : LHP Gerard Miller
|
Pitching: LHP Gerard Miller
|
|
Batting: LHB Josh Pérez
|
0-0: Swinging Strike 0-1: Swinging Strike 0-2: Ball 1-2: Ball 2-2: Strikes out swinging
|
Batting: RHB Carl Johnston
|
0-0: Ground out 5-3 (Groundball, 6)
|
Batting: RHB Junior Adams
|
0-0: Ball 1-0: Ball 2-0: Foul Ball, location: 2F 2-1: SINGLE (Groundball, 6MD)
|
Batting: RHB Doug O'Brien
|
0-0: Called Strike 0-1: Ball Junior Adams is caught stealing 2nd base
|
Top of the 1st over - 0 run(s), 1 hit(s), 0 error(s), 0 left on base; South Carolina 0 - Auburn 0 |
BOTTOM OF THE 1ST |
Auburn Tigers batting - Pitching for South Carolina Gamecocks : LHP Robert Carpenter
|
Pitching: LHP Robert Carpenter
|
|
Batting: RHB John Zimmerman
|
0-0: Called Strike 0-1: Swinging Strike 0-2: Ground out 5-3 (Groundball, 56)
|
Batting: RHB Artie Frye
|
0-0: DOUBLE (Flyball, 8LM)
|
Batting: RHB Jeff Jones
|
0-0: Ball 1-0: Ground out 1-3 (Groundball, 13S) Artie Frye to third
|
Batting: LHB Edison Snyder
|
0-0: Called Strike 0-1: Foul Ball, location: 2F 0-2: Ball 1-2: Ball 2-2: Ball 3-2: Base on Balls
|
Batting: RHB Doyle O'Dell
|
0-0: Called Strike 0-1: Ball 1-1: Ball 2-1: Foul Ball, location: 2F 2-2: Ball 3-2: Foul Ball, location: 2F 3-2: Strikes out looking
|
Bottom of the 1st over - 0 run(s), 1 hit(s), 0 error(s), 2 left on base; South Carolina 0 - Auburn 0 |
TOP OF THE 2ND |
South Carolina Gamecocks batting - Pitching for Auburn Tigers : LHP Gerard Miller
|
Batting: RHB Doug O'Brien
|
0-0: Swinging Strike 0-1: Fly out, F7 (Flyball, 78D)
|
Batting: RHB Lewis Carter
|
0-0: Called Strike 0-1: Called Strike 0-2: Fly out, F8 (Flyball, 78M)
|
Batting: RHB Taylor Justice
|
0-0: Foul Ball, location: 2F 0-1: Ball 1-1: Ground out 5-3 (Groundball, 56S)
|
Top of the 2nd over - 0 run(s), 0 hit(s), 0 error(s), 0 left on base; South Carolina 0 - Auburn 0 |
BOTTOM OF THE 2ND |
Auburn Tigers batting - Pitching for South Carolina Gamecocks : LHP Robert Carpenter
|
Batting: SHB Tim Campbell
|
0-0: Ball 1-0: SINGLE (Line Drive, 6MD)
|
Batting: RHB António Martínez
|
0-0: Ball 1-0: Foul Ball, location: 2F 1-1: Ball 2-1: Called Strike 2-2: Foul Ball, location: 2F 2-2: Ball 3-2: Base on Balls Tim Campbell to second
|
Batting: RHB Jody Díaz
|
0-0: Swinging Strike 0-1: Ball 1-1: Fly out, F9 (Popup, 89S)
|
Batting: RHB Ángelo Young
|
0-0: Grounds into double play, 5-4-3 (Groundball, 56)
|
Bottom of the 2nd over - 0 run(s), 1 hit(s), 0 error(s), 1 left on base; South Carolina 0 - Auburn 0 |
TOP OF THE 3RD |
South Carolina Gamecocks batting - Pitching for Auburn Tigers : LHP Gerard Miller
|
Batting: RHB Clint Ratzlaff
|
0-0: Ball 1-0: SINGLE (Line Drive, 7LS)
|
Batting: RHB José Zúñiga
|
0-0: Ball 1-0: Called Strike Clint Ratzlaff is caught stealing 2nd base 1-1: Called Strike 1-2: Strikes out swinging
|
Batting: RHB Gary Wyatt
|
0-0: Ground out 6-3 (Groundball, 6)
|
Top of the 3rd over - 0 run(s), 1 hit(s), 0 error(s), 0 left on base; South Carolina 0 - Auburn 0 |
BOTTOM OF THE 3RD |
Auburn Tigers batting - Pitching for South Carolina Gamecocks : LHP Robert Carpenter
|
Batting: RHB John Zimmerman
|
0-0: Called Strike 0-1: SINGLE (Line Drive, 6D)
|
Batting: RHB Artie Frye
|
0-0: Called Strike 0-1: Swinging Strike 0-2: Foul Ball, location: 2F 0-2: Ball 1-2: Ball 2-2: Strikes out looking
|
Batting: RHB Jeff Jones
|
0-0: Ball 1-0: 2-RUN HOME RUN (Flyball, 89XD), Distance : 362 ft
|
Batting: LHB Edison Snyder
|
0-0: Hit by Pitch
|
Batting: RHB Doyle O'Dell
|
0-0: 2-RUN HOME RUN (Flyball, 7D), Distance : 345 ft
|
Batting: SHB Tim Campbell
|
0-0: Called Strike 0-1: Ball 1-1: Ball 2-1: Foul Ball, location: 2F 2-2: Strikes out looking
|
Batting: RHB António Martínez
|
0-0: Swinging Strike 0-1: Ground out 5-3 (Groundball, 56)
|
Bottom of the 3rd over - 4 run(s), 3 hit(s), 0 error(s), 0 left on base; South Carolina 0 - Auburn 4 |
TOP OF THE 4TH |
South Carolina Gamecocks batting - Pitching for Auburn Tigers : LHP Gerard Miller
|
Batting: LHB Josh Pérez
|
0-0: Ball 1-0: Swinging Strike 1-1: Foul Ball, location: 2F 1-2: Ball 2-2: Strikes out looking
|
Batting: RHB Carl Johnston
|
0-0: Called Strike 0-1: Swinging Strike 0-2: Ball 1-2: Strikes out swinging
|
Batting: RHB Junior Adams
|
0-0: Called Strike 0-1: Ball 1-1: Swinging Strike 1-2: Strikes out looking
|
Top of the 4th over - 0 run(s), 0 hit(s), 0 error(s), 0 left on base; South Carolina 0 - Auburn 4 |
BOTTOM OF THE 4TH |
Auburn Tigers batting - Pitching for South Carolina Gamecocks : LHP Robert Carpenter
|
Batting: RHB Jody Díaz
|
0-0: SINGLE (Line Drive, 4D)
|
Batting: RHB Ángelo Young
|
0-0: Ball 1-0: DOUBLE (Groundball, 5L) Jody Díaz to third
|
Batting: RHB John Zimmerman
|
0-0: Ball 1-0: SINGLE (Groundball, 6) (infield hit) Jody Díaz scores Ángelo Young to third
|
Batting: RHB Artie Frye
|
0-0: SINGLE (Line Drive, 9S) Ángelo Young scores John Zimmerman to second
|
Batting: RHB Jeff Jones
|
0-0: Ball 1-0: Called Strike 1-1: Swinging Strike 1-2: Foul Ball, location: 2F 1-2: Strikes out swinging
|
Batting: LHB Edison Snyder
|
0-0: Ball 1-0: Called Strike 1-1: Foul Ball, location: 2F 1-2: Ball 2-2: Ball 3-2: Foul Ball, location: 2F 3-2: Fly out, F7 (Flyball, 7S)
|
Batting: RHB Doyle O'Dell
|
0-0: Ball 1-0: SINGLE (Line Drive, 7S) John Zimmerman to third Artie Frye to second Runner from 3rd tries for Home, SAFE, no throw or cutoff
|
Pitching: RHP Aaron Williams
|
|
Batting: SHB Tim Campbell
|
0-0: Called Strike 0-1: Called Strike 0-2: Strikes out looking
|
Bottom of the 4th over - 3 run(s), 5 hit(s), 0 error(s), 2 left on base; South Carolina 0 - Auburn 7 |
TOP OF THE 5TH |
South Carolina Gamecocks batting - Pitching for Auburn Tigers : LHP Gerard Miller
|
Batting: RHB Doug O'Brien
|
0-0: Ball 1-0: Swinging Strike 1-1: Ball 2-1: Ball 3-1: Foul Ball, location: 2F 3-2: Base on Balls
|
Batting: RHB Lewis Carter
|
0-0: Ball 1-0: Ball 2-0: Foul Ball, location: 2F Balk! Doug O'Brien to second 2-1: Fly out, F8 (Flyball, 8LM)
|
Batting: RHB Taylor Justice
|
0-0: Ball 1-0: SINGLE (Groundball, 4D) Doug O'Brien to third
|
Batting: RHB Clint Ratzlaff
|
0-0: Called Strike 0-1: Called Strike 0-2: Ball 1-2: Ball 2-2: Foul Ball, location: 2F 2-2: Strikes out swinging
|
Batting: RHB José Zúñiga
|
0-0: Foul Ball, location: 2F 0-1: Foul Ball, location: 2F 0-2: Ball Wild Pitch! Doug O'Brien scores Taylor Justice to second 1-2: Ball 2-2: Foul Ball, location: 2F 2-2: Strikes out swinging
|
Top of the 5th over - 1 run(s), 1 hit(s), 0 error(s), 1 left on base; South Carolina 1 - Auburn 7 |
BOTTOM OF THE 5TH |
Auburn Tigers batting - Pitching for South Carolina Gamecocks : RHP Aaron Williams
|
Batting: RHB António Martínez
|
0-0: Called Strike 0-1: DOUBLE (Flyball, 7M)
|
Batting: RHB Jody Díaz
|
0-0: Ball 1-0: Ball 2-0: Ball 3-0: Called Strike 3-1: Base on Balls
|
Batting: RHB Ángelo Young
|
0-0: Fly out, F5 (Line Drive, 5)
|
Batting: RHB John Zimmerman
|
0-0: Called Strike António Martínez steals 3rd base Jody Díaz to second 0-1: Ball 1-1: Ball 2-1: Fly out, F6 (Popup, 6D)
|
Batting: RHB Artie Frye
|
0-0: Called Strike 0-1: Swinging Strike 0-2: Ball 1-2: Strikes out swinging
|
Bottom of the 5th over - 0 run(s), 1 hit(s), 0 error(s), 2 left on base; South Carolina 1 - Auburn 7 |
TOP OF THE 6TH |
South Carolina Gamecocks batting - Pitching for Auburn Tigers : LHP Gerard Miller
|
Batting: RHB Gary Wyatt
|
0-0: Swinging Strike 0-1: Swinging Strike 0-2: Ball 1-2: Ball 2-2: Foul Ball, location: 2F 2-2: Fly out, F9 (Flyball, 9S)
|
Batting: LHB Josh Pérez
|
0-0: Ball 1-0: Called Strike 1-1: Foul Ball, location: 2F 1-2: Ball 2-2: Ball 3-2: Base on Balls
|
Batting: RHB Carl Johnston
|
0-0: Called Strike 0-1: Fielders Choice at 2nd, 3-6 (Groundball, 3)
|
Batting: RHB Junior Adams
|
0-0: Ball 1-0: Called Strike 1-1: Foul Ball, location: 2F 1-2: Foul Ball, location: 2F 1-2: Strikes out swinging
|
Top of the 6th over - 0 run(s), 0 hit(s), 0 error(s), 1 left on base; South Carolina 1 - Auburn 7 |
BOTTOM OF THE 6TH |
Auburn Tigers batting - Pitching for South Carolina Gamecocks : RHP Aaron Williams
|
Batting: RHB Jeff Jones
|
0-0: Hit by Pitch
|
Batting: LHB Edison Snyder
|
0-0: Called Strike 0-1: Foul Ball, location: 2F 0-2: Ball 1-2: Foul Ball, location: 2F 1-2: Foul Ball, location: 2F 1-2: Grounds into double play, 4-6-3 (Groundball, 4)
|
Batting: RHB Doyle O'Dell
|
0-0: Ball 1-0: Ball 2-0: Called Strike 2-1: Ball 3-1: Swinging Strike 3-2: Strikes out swinging
|
Bottom of the 6th over - 0 run(s), 0 hit(s), 0 error(s), 0 left on base; South Carolina 1 - Auburn 7 |
TOP OF THE 7TH |
South Carolina Gamecocks batting - Pitching for Auburn Tigers : LHP Gerard Miller
|
Pitching: RHP Eddy Jackson
|
|
Batting: RHB Doug O'Brien
|
0-0: Ball 1-0: Ball 2-0: Ball 3-0: Base on Balls
|
Batting: RHB Lewis Carter
|
0-0: Called Strike 0-1: Ball 1-1: Foul Ball, location: 2F 1-2: SINGLE (Groundball, 6M) Doug O'Brien to second
|
Batting: RHB Taylor Justice
|
0-0: Hit by Pitch Doug O'Brien to third Lewis Carter to second
|
Batting: RHB Clint Ratzlaff
|
0-0: Called Strike 0-1: Foul Ball, location: 2F 0-2: Strikes out swinging
|
Batting: RHB José Zúñiga
|
0-0: Foul Ball, location: 2F 0-1: SINGLE (Flyball, 6MD) Doug O'Brien scores Lewis Carter to third Taylor Justice to second Runner from 3rd tries for Home, SAFE, no throw or cutoff
|
Batting: RHB Gary Wyatt
|
0-0: Ground out 4-3 (Groundball, 4M) Taylor Justice to third José Zúñiga to second
|
Batting: LHB Josh Pérez
|
0-0: Fly out, F9 (Line Drive, 9M)
|
Top of the 7th over - 2 run(s), 2 hit(s), 0 error(s), 2 left on base; South Carolina 3 - Auburn 7 |
BOTTOM OF THE 7TH |
Auburn Tigers batting - Pitching for South Carolina Gamecocks : RHP Aaron Williams
|
Pitching: RHP Joe Griffin
|
|
Batting: SHB Tim Campbell
|
0-0: Ball 1-0: Foul Ball, location: 2F 1-1: Ball 2-1: Ball 3-1: Foul Ball, location: 2F 3-2: Foul Ball, location: 2F 3-2: Base on Balls
|
Batting: RHB António Martínez
|
0-0: Ball 1-0: Bunt missed! 1-1: Sac Bunt - play at second, runner OUT! 1-6
|
Batting: RHB Jody Díaz
|
0-0: Called Strike 0-1: Called Strike 0-2: Ball António Martínez steals 2nd base 1-2: Ground out 4-3 (Groundball, 4M) António Martínez to third
|
Batting: RHB Ángelo Young
|
0-0: Ball 1-0: Foul Ball, location: 2F 1-1: Ball Passed Ball! António Martínez scores 2-1: Ball 3-1: Called Strike 3-2: Strikes out swinging
|
Bottom of the 7th over - 1 run(s), 0 hit(s), 0 error(s), 0 left on base; South Carolina 3 - Auburn 8 |
TOP OF THE 8TH |
South Carolina Gamecocks batting - Pitching for Auburn Tigers : RHP Eddy Jackson
|
Batting: RHB Carl Johnston
|
0-0: Ball 1-0: Ball 2-0: Foul Ball, location: 2F 2-1: Foul Ball, location: 2F 2-2: Ball 3-2: Ground out 6-3 (Groundball, 56)
|
Batting: RHB Junior Adams
|
0-0: Ball 1-0: Foul Ball, location: 2F 1-1: Swinging Strike 1-2: Strikes out swinging
|
Batting: RHB Doug O'Brien
|
0-0: Ball 1-0: Ball 2-0: Ball 3-0: Base on Balls
|
Batting: RHB Lewis Carter
|
0-0: SINGLE (Flyball, 8RS) Doug O'Brien to second Runner from 2nd tries for 3rd, SAFE, throw made to third
|
Batting: RHB Taylor Justice
|
0-0: Ball 1-0: Swinging Strike 1-1: SINGLE (Line Drive, 78S) Doug O'Brien scores Lewis Carter to second Runner from 2nd tries for 3rd, SAFE, throw made to third
|
Pitching: RHP Anthony Larson
|
|
Batting: RHB Clint Ratzlaff
|
0-0: Swinging Strike 0-1: Ball 1-1: Called Strike 1-2: Ball 2-2: Strikes out looking
|
Top of the 8th over - 1 run(s), 2 hit(s), 0 error(s), 2 left on base; South Carolina 4 - Auburn 8 |
BOTTOM OF THE 8TH |
Auburn Tigers batting - Pitching for South Carolina Gamecocks : RHP Joe Griffin
|
Batting: RHB John Zimmerman
|
0-0: Called Strike 0-1: Ball 1-1: Called Strike 1-2: Strikes out swinging
|
Batting: RHB Artie Frye
|
0-0: Ball 1-0: Ball 2-0: Fly out, F7 (Flyball, 78M)
|
Batting: RHB Jeff Jones
|
0-0: Ball 1-0: Ball 2-0: Ball 3-0: Base on Balls
|
Batting: LHB Edison Snyder
|
0-0: Ground out 1-3 (Groundball, 23)
|
Bottom of the 8th over - 0 run(s), 0 hit(s), 0 error(s), 1 left on base; South Carolina 4 - Auburn 8 |
TOP OF THE 9TH |
South Carolina Gamecocks batting - Pitching for Auburn Tigers : RHP Anthony Larson
|
Batting: RHB José Zúñiga
|
0-0: Foul Ball, location: 2F 0-1: Ball 1-1: Ball 2-1: Foul Ball, location: 2F 2-2: Ball 3-2: Foul Ball, location: 2F 3-2: Foul Ball, location: 2F 3-2: Fly out, F8 (Flyball, 8LS)
|
Batting: RHB Gary Wyatt
|
0-0: Ball 1-0: Ball 2-0: Called Strike 2-1: Swinging Strike 2-2: Foul Ball, location: 2F 2-2: Ball 3-2: Base on Balls
|
Batting: LHB Josh Pérez
|
0-0: Ball 1-0: Called Strike 1-1: Foul Ball, location: 2F 1-2: SINGLE (Groundball, 34D) Gary Wyatt to second Runner from 2nd tries for 3rd, SAFE, throw made to third Josh Pérez to second
|
Pitching: RHP Francisco Rodríguez
|
|
Batting: RHB Carl Johnston
|
0-0: Ball 1-0: TRIPLE (Flyball, 8LM) Gary Wyatt scores Josh Pérez scores
|
Batting: RHB Junior Adams
|
0-0: Ball 1-0: Swinging Strike 1-1: Fly out, F6 (Popup, 4MS)
|
Batting: RHB Doug O'Brien
|
0-0: Ball 1-0: Ball 2-0: Ball 3-0: Base on Balls
|
Batting: RHB Lewis Carter
|
0-0: Foul Ball, location: 2F 0-1: Ground out 6-3 (Groundball, 6)
|
Top of the 9th over - 2 run(s), 2 hit(s), 0 error(s), 2 left on base; South Carolina 6 - Auburn 8 |
|